 Dungeon Crawl Stone Soup version 0.22.1-1-ga44c0e56f4 (webtiles) character file.

39 LLavrengius the Slasher (level 3, 0/29 HPs)
             Began as a Barachi Skald on Oct 30, 2018.
             Succumbed to an adder's poison
             ... on level 2 of the Dungeon.
             The game lasted 00:03:22 (1070 turns).

LLavrengius the Slasher (Barachi Skald)             Turns: 1070, Time: 00:03:23

Health: 0/29       AC:  6    Str: 13    XL:     3   Next: 47%
Magic:  6/6        EV: 12    Int: 13    God:
Gold:   137        SH:  0    Dex: 11    Spells: 5/6 levels left

rFire    . . .     SeeInvis .   a - +0 falchion
rCold    . . .     Gourm    .   (no shield)
rNeg     . . .     Faith    .   b - +0 leather armour
rPois    .         Spirit   .   (no helmet)
rElec    .         Reflect  .   (no cloak)
rCorr    .         Harm     .   c - +2 pair of gloves
MR       .....                  (no boots)
Stlth    +.........             (no amulet)
HPRegen  0.09/turn              (no ring)
MPRegen  0.10/turn              (no ring)

@: lethally poisoned (0 -> -9), flying, slow
A: +LOS, swims, slowness 1, strong legs 1
a: Hop


You were on level 2 of the Dungeon.
You were not hungry.

You visited 1 branch of the dungeon, and saw 2 of its levels.

You collected 137 gold pieces.

Inventory:

Hand Weapons
 a - a +0 falchion (weapon)
Missiles
 j - 28 sling bullets
 n - 19 stones (quivered)
Armour
 b - a +0 leather armour (worn)
 c - a +2 pair of gloves (worn)
 m - a +0 chain mail
Jewellery
 i - an uncursed ring of magical power {unknown}
Scrolls
 e - 3 scrolls of identify {unknown}
 g - 2 scrolls of amnesia {unknown}
 l - 3 scrolls of teleportation {unknown}
Comestibles
 d - 2 rations
 f - a chunk of flesh


   Skills:
 + Level 3.0 Fighting
 * Level 3.5 Long Blades
 - Level 2.0 Armour
 + Level 2.6 Dodging
 - Level 2.1 Spellcasting
 - Level 3.2 Charms


You had 5 spell levels left.
You knew the following spells:

 Your Spells              Type           Power        Failure   Level  Hunger
a - Infusion              Chrm           #...         9%          1    ##.....

Your spell library contained the following spells:

 Spells                   Type           Power        Failure   Level  Hunger
 Song of Slaying          Chrm           #.......     12%         2    ###....
 Shroud of Golubria       Chrm/Tloc      #.........   24%         2    ###....
 Regeneration             Chrm/Necr      #.........   43%         3    ####...
 Spectral Weapon          Hex/Chrm       #.......     43%         3    ####...


Dungeon Overview and Level Annotations

Branches:
Dungeon (2/15)

Altars:


Innate Abilities, Weirdness & Mutations

Shadows flee at your approach. (+LOS)
You can swim through water.
You cover ground slowly.
You can hop short distances.


Message History

The adder is severely wounded.
You feel sick. The adder bites you.
* * * LOW HITPOINT WARNING * * *
You are lethally poisoned!
The adder poisons you! The adder bites you.
* * * LOW HITPOINT WARNING * * *
You barely miss the adder.
The adder is severely wounded.
* * * LOW HITPOINT WARNING * * *
You feel sick. The adder closely misses you.
Unknown command.
You miss the adder.
The adder is severely wounded.
* * * LOW HITPOINT WARNING * * *
You feel sick. The adder closely misses you.
You riposte.
You hit the adder but do no damage.
The adder is severely wounded.
The adder closely misses you.
Unknown command.
You die...

#(. #.# ... ...
##.## # ... ...
#S###...# #.......#
#@####..# ###.# #
##.###...####....
............>.# .
###.##.#.###### #.
#.##.#.####.######.#
#.
#.##....##.........#
#.
#.##.....##.#####..#
#.## #.##..........#


You could see an adder.

Vanquished Creatures
  An ooze (D:1)
  A worm (D:2)
  A dart slug (D:2)
  A leopard gecko (D:1)
  A ball python (D:1)
  6 bats (D:1)
  A giant cockroach (D:1)
  4 hobgoblins
  4 kobolds (D:1)
  4 frilled lizards
  3 goblins
  3 rats
30 creatures vanquished.

Notes
Turn   | Place    | Note
-------+----------+-------------------------------------------
     0 | D:1      | LLavrengius the Barachi Skald began the quest for the Orb.
     0 | D:1      | Reached XP level 1. HP: 17/17 MP: 3/3
    41 | D:1      | Reached XP level 2. HP: 20/23 MP: 5/5
   443 | D:1      | Reached XP level 3. HP: 27/28 MP: 6/6
  1069 | D:2      | HP: 1/29 [poisoned by an adder]
  1070 | D:2      | Succumbed to an adder's poison

Skill      XL: |  1  2  3 |
---------------+----------+-----
Long Blades    | 3 |  3.5
Armour         | 2 |  2.0
Fighting       | 3 |  3.0
Dodging        | |  2.6
Spellcasting   | |  2.1
Charms         | |  3.2

Action                   || total
-------------------------++-------
Melee: Falchion          ||   107
  Use: Potion            ||     2
  Eat: Chunk             ||     1
Armor: Leather armour    ||    41
Dodge: Dodged            ||    91
       Rpst.: Falchion   ||    24
